[ AOE2 MATCH · #463826338 ]
UnrankedGoths vs Japanese
[ REPLAY ANALYSIS · EXTRACTED FROM THE RECORDED GAME ]
Feudal
13:46
Castle
18:01
Imperial
44:19
| APM avg | 16.2 |
| APM peak | 42 |
| eAPM avg | 10.5 |
| Villagers / military | 167 / 175 |
Focus
⚔️ 25.9% · 🌾 74.1%
Huskarl ×53 · Archer ×51 · Skirmisher ×45 · Scout Cavalry ×11 · Spearman ×7 · Battering Ram ×4
Feudal
10:52
Castle
14:25
Imperial
30:21
| APM avg | 29.2 |
| APM peak | 62 |
| eAPM avg | 18.4 |
| Villagers / military | 223 / 157 |
Focus
⚔️ 23.9% · 🌾 76.1%
War Elephant ×95 · Scout Cavalry ×25 · Bombard Cannon ×19 · Monk ×11 · Trebuchet (Packed) ×7
Feudal
—
Castle
—
Imperial
—
| APM avg | 15.7 |
| APM peak | 58 |
| eAPM avg | 9.1 |
| Villagers / military | 100 / 148 |
Focus
⚔️ 37.3% · 🌾 62.7%
Spearman ×71 · Samurai ×57 · Militia ×7 · Mangonel ×5 · Scorpion ×4 · Trebuchet (Packed) ×4
Feudal
11:42
Castle
16:01
Imperial
—
| APM avg | 21.0 |
| APM peak | 56 |
| eAPM avg | 13.2 |
| Villagers / military | 143 / 274 |
Focus
⚔️ 20.4% · 🌾 79.6%
Spearman ×209 · Janissary ×41 · Monk ×10 · Cavalry Archer ×10 · Trade Cart ×7 · Militia ×4
Feudal
11:02
Castle
19:50
Imperial
40:49
| APM avg | 12.7 |
| APM peak | 29 |
| eAPM avg | 9.2 |
| Villagers / military | 108 / 118 |
Focus
⚔️ 31.4% · 🌾 68.6%
Militia ×77 · Battering Ram ×21 · Obuch ×10 · Scorpion ×7 · Trebuchet (Packed) ×2 · Knight ×1
Feudal
—
Castle
—
Imperial
—
| APM avg | 31.3 |
| APM peak | 81 |
| eAPM avg | 15.0 |
| Villagers / military | 122 / 124 |
Focus
⚔️ 26.8% · 🌾 73.2%
Archer ×113 · Monk ×7 · Trade Cart ×4 · War Elephant ×2 · Battering Ram ×2
Feudal
10:39
Castle
17:27
Imperial
33:53
| APM avg | 10.9 |
| APM peak | 39 |
| eAPM avg | 8.3 |
| Villagers / military | 120 / 184 |
Focus
⚔️ 30.3% · 🌾 69.7%
Spearman ×94 · Longbowman ×76 · Trade Cart ×9 · Battering Ram ×9 · Scorpion ×4 · Mangonel ×1
Feudal
10:15
Castle
16:10
Imperial
31:38
| APM avg | 23.9 |
| APM peak | 45 |
| eAPM avg | 13.0 |
| Villagers / military | 114 / 131 |
Focus
⚔️ 24.7% · 🌾 75.3%
Knight ×90 · Missionary ×33 · Trade Cart ×5 · Conquistador ×4 · Bombard Cannon ×4
Match map
Initial resources + every placement click. Lines = walls · curves = elevation contours. ◆ gold · ⬟ stone · ● berries · ✦ relic · ◌ wall gap
Inputs per minute
— Mario Monti per l'Italia - - 普通NPC一枚
Build order — Mario Monti per l'Italia
First 150 of 303 actions detected
| 0:07 | Build | House |
| 0:09 | Build | House |
| 0:12 | Create | Villager (Male) ×4 |
| 0:12 | Create | Villager (Male) ×4 |
| 1:50 | Create | Villager (Male) |
| 1:50 | Create | Villager (Male) |
| 2:23 | Create | Villager (Male) |
| 2:23 | Create | Villager (Male) |
| 2:24 | Create | Villager (Male) |
| 3:06 | Create | Villager (Male) |
| 3:07 | Create | Villager (Male) |
| 3:20 | Create | Villager (Male) |
| 3:21 | Create | Villager (Male) |
| 3:31 | Build | Lumber Camp |
| 4:02 | Create | Villager (Male) |
| 4:02 | Create | Villager (Male) |
| 4:03 | Create | Villager (Male) |
| 4:26 | Build | House |
| 4:27 | Build | House |
| 4:53 | Create | Villager (Male) ×2 |
| 5:32 | Create | Villager (Male) |
| 5:32 | Create | Villager (Male) |
| 5:55 | Research | Loom |
| 6:18 | Build | Mill |
| 6:27 | Create | Villager (Male) |
| 6:27 | Create | Villager (Male) |
| 6:27 | Create | Villager (Male) |
| 6:28 | Create | Villager (Male) |
| 7:12 | Create | Villager (Male) |
| 7:15 | Create | Villager (Male) |
| 7:15 | Create | Villager (Male) |
| 7:15 | Create | Villager (Male) |
| 8:37 | Create | Villager (Male) ×5 |
| 8:45 | Build | House |
| 9:00 | Build | Mining Camp |
| 9:57 | Build | Mining Camp |
| 11:36 | Research | Feudal Age |
| 11:57 | Build | House |
| 12:30 | Create | Villager (Male) |
| 12:30 | Create | Villager (Male) |
| 13:07 | Build | Barracks |
| 13:36 | Build | Farm |
| 13:39 | Build | Farm |
| 13:40 | Build | Farm |
| 13:41 | Build | Farm |
| 13:43 | Build | Farm |
| 13:44 | Build | Farm |
| 13:45 | Build | Farm |
| 13:46 | Age | Feudal Age |
| 13:46 | Build | Farm |
| 14:19 | Build | Archery Range |
| 14:41 | Build | Blacksmith |
| 14:51 | Create | Villager (Male) |
| 15:06 | Create | Spearman |
| 15:21 | Research | Castle Age |
| 15:44 | Build | Mill |
| 15:53 | Build | House |
| 15:54 | Build | House |
| 16:02 | Research | Double-Bit Axe |
| 16:05 | Research | Horse Collar |
| 17:35 | Create | Villager (Male) |
| 17:35 | Create | Villager (Male) |
| 18:01 | Age | Castle Age |
| 18:16 | Create | Villager (Male) |
| 18:47 | Create | Villager (Male) |
| 19:03 | Build | Castle |
| 19:27 | Create | Villager (Male) |
| 19:27 | Create | Villager (Male) |
| 19:27 | Create | Villager (Male) |
| 20:39 | Build | Town Center |
| 20:45 | Create | Villager (Male) |
| 20:45 | Create | Villager (Male) |
| 20:45 | Create | Villager (Male) |
| 20:46 | Create | Villager (Male) |
| 21:07 | Build | Town Center |
| 21:33 | Create | Villager (Male) ×5 |
| 21:36 | Create | Villager (Male) |
| 21:36 | Create | Villager (Male) |
| 21:51 | Create | Huskarl |
| 21:51 | Create | Huskarl |
| 21:52 | Create | Huskarl |
| 21:52 | Create | Huskarl |
| 21:56 | Research | Pikeman (upgrade) |
| 22:00 | Build | Barracks |
| 22:01 | Build | Barracks |
| 22:22 | Create | Villager (Male) ×3 |
| 23:01 | Create | Spearman ×5 |
| 23:06 | Build | Siege Workshop |
| 23:29 | Create | Spearman |
| 23:37 | Research | Scale Mail Armor |
| 23:44 | Create | Villager (Male) ×2 |
| 23:44 | Create | Villager (Male) ×2 |
| 23:49 | Build | Farm |
| 23:50 | Build | Farm |
| 23:51 | Build | Farm |
| 23:53 | Build | Farm |
| 23:54 | Build | Farm |
| 24:13 | Create | Battering Ram |
| 24:14 | Create | Battering Ram |
| 24:22 | Create | Huskarl |
| 24:22 | Create | Huskarl |
| 24:22 | Create | Huskarl |
| 24:22 | Create | Huskarl |
| 24:28 | Build | Farm |
| 24:29 | Build | Farm |
| 24:30 | Build | Farm |
| 24:32 | Build | Farm |
| 24:33 | Build | Farm |
| 24:35 | Build | Farm |
| 24:51 | Create | Villager (Male) |
| 24:58 | Create | Villager (Male) |
| 25:04 | Create | Battering Ram |
| 25:15 | Build | House |
| 25:20 | Create | Huskarl |
| 25:21 | Create | Huskarl |
| 25:48 | Build | Archery Range |
| 25:53 | Build | Archery Range |
| 26:01 | Create | Villager (Male) ×4 |
| 26:01 | Create | Villager (Male) ×4 |
| 26:29 | Create | Villager (Male) ×4 |
| 26:30 | Create | Villager (Male) ×4 |
| 26:32 | Build | House |
| 26:33 | Build | House |
| 26:34 | Build | House |
| 26:35 | Build | House |
| 26:36 | Build | House |
| 27:05 | Create | Battering Ram |
| 27:07 | Research | Crossbowman (upgrade) |
| 27:11 | Create | Archer |
| 27:11 | Create | Archer |
| 27:11 | Create | Archer |
| 27:12 | Create | Archer |
| 27:27 | Create | Archer ×5 |
| 27:31 | Create | Huskarl ×2 |
| 27:36 | Build | House |
| 27:38 | Build | House |
| 27:49 | Create | Villager (Male) ×3 |
| 27:49 | Create | Villager (Male) ×3 |
| 27:54 | Build | Farm |
| 27:56 | Build | Farm |
| 28:00 | Build | Farm |
| 28:01 | Build | Farm |
| 28:02 | Build | Farm |
| 29:51 | Create | Archer |
| 29:51 | Create | Archer |
| 30:00 | Create | Mangonel |
| 30:10 | Build | Stable |
| 30:14 | Build | Stable |
| 30:24 | Build | Castle |
| 30:28 | Build | Mining Camp |
Build order — 普通NPC一枚
First 150 of 332 actions detected
| 0:02 | Create | Villager (Male) |
| 0:03 | Create | Villager (Male) |
| 0:05 | Build | House |
| 0:09 | Build | House |
| 0:33 | Create | Villager (Male) ×3 |
| 1:19 | Create | Villager (Male) |
| 1:19 | Create | Villager (Male) |
| 2:14 | Build | House |
| 2:35 | Build | Lumber Camp |
| 2:37 | Create | Villager (Male) ×2 |
| 3:30 | Create | Villager (Male) |
| 3:30 | Create | Villager (Male) |
| 3:30 | Create | Villager (Male) |
| 3:49 | Create | Villager (Male) |
| 4:26 | Create | Villager (Male) ×4 |
| 4:46 | Build | Mill |
| 5:56 | Build | Farm |
| 6:01 | Create | Villager (Male) |
| 6:01 | Create | Villager (Male) |
| 6:01 | Create | Villager (Male) |
| 6:23 | Build | House |
| 7:08 | Create | Villager (Male) |
| 7:28 | Research | Loom |
| 7:31 | Create | Villager (Male) |
| 7:31 | Create | Villager (Male) |
| 7:45 | Build | Farm |
| 8:11 | Create | Villager (Male) |
| 8:42 | Research | Feudal Age |
| 10:07 | Create | Villager (Male) |
| 10:07 | Create | Villager (Male) |
| 10:45 | Build | House |
| 10:52 | Age | Feudal Age |
| 11:04 | Build | Market |
| 11:37 | Build | Blacksmith |
| 11:59 | Research | Castle Age |
| 12:43 | Research | Double-Bit Axe |
| 12:49 | Build | Farm |
| 13:42 | Build | House |
| 13:54 | Create | Villager (Male) |
| 13:55 | Create | Villager (Male) |
| 14:25 | Age | Castle Age |
| 14:30 | Build | Town Center |
| 14:38 | Build | Town Center |
| 14:42 | Create | Villager (Male) |
| 14:55 | Build | Farm |
| 14:56 | Build | Farm |
| 14:57 | Build | Farm |
| 14:58 | Build | Farm |
| 14:59 | Build | Farm |
| 15:05 | Build | Farm |
| 15:10 | Build | Farm |
| 15:13 | Create | Villager (Male) |
| 15:53 | Create | Villager (Male) |
| 16:04 | Create | Villager (Male) |
| 16:21 | Create | Villager (Male) |
| 16:21 | Create | Villager (Male) |
| 16:28 | Build | Farm |
| 16:28 | Build | Farm |
| 16:28 | Build | Farm |
| 16:29 | Build | Farm |
| 16:33 | Create | Villager (Male) |
| 16:33 | Create | Villager (Male) |
| 16:34 | Create | Villager (Male) |
| 16:40 | Create | Villager (Male) |
| 16:40 | Create | Villager (Male) |
| 16:47 | Build | House |
| 16:49 | Build | House |
| 16:53 | Create | Villager (Male) |
| 16:53 | Create | Villager (Male) |
| 17:00 | Build | Farm |
| 17:01 | Build | Farm |
| 17:01 | Build | Farm |
| 17:12 | Create | Villager (Male) |
| 17:14 | Create | Villager (Male) |
| 17:22 | Create | Villager (Male) |
| 17:23 | Create | Villager (Male) |
| 17:35 | Create | Villager (Male) |
| 17:36 | Create | Villager (Male) |
| 17:46 | Create | Villager (Male) ×2 |
| 17:46 | Create | Villager (Male) ×2 |
| 17:58 | Create | Villager (Male) |
| 17:58 | Create | Villager (Male) |
| 18:12 | Build | House |
| 18:15 | Build | House |
| 18:21 | Create | Villager (Male) ×4 |
| 18:21 | Create | Villager (Male) ×4 |
| 18:29 | Build | Farm |
| 18:29 | Build | Farm |
| 18:30 | Build | Farm |
| 18:36 | Create | Villager (Male) |
| 18:36 | Create | Villager (Male) |
| 18:58 | Create | Villager (Male) ×3 |
| 18:58 | Create | Villager (Male) ×3 |
| 19:10 | Create | Villager (Male) ×2 |
| 19:10 | Create | Villager (Male) ×2 |
| 19:17 | Build | Town Center |
| 19:22 | Create | Villager (Male) ×2 |
| 19:22 | Create | Villager (Male) ×2 |
| 19:28 | Build | House |
| 19:31 | Build | House |
| 19:37 | Create | Villager (Male) |
| 19:45 | Research | Horse Collar |
| 19:52 | Build | Farm |
| 20:02 | Build | Farm |
| 20:07 | Create | Villager (Male) ×5 |
| 20:15 | Build | Farm |
| 20:21 | Build | Farm |
| 20:29 | Build | Farm |
| 20:33 | Create | Villager (Male) ×2 |
| 20:41 | Build | House |
| 20:44 | Build | House |
| 20:44 | Build | House |
| 20:50 | Create | Villager (Male) ×3 |
| 20:59 | Build | Farm |
| 21:00 | Build | Farm |
| 21:04 | Build | Farm |
| 21:05 | Build | Farm |
| 21:09 | Create | Villager (Male) ×3 |
| 21:26 | Build | Monastery |
| 21:30 | Create | Villager (Male) ×3 |
| 21:37 | Build | House |
| 21:39 | Build | House |
| 21:40 | Build | House |
| 21:44 | Create | Villager (Male) ×3 |
| 21:52 | Build | Farm |
| 21:52 | Build | Farm |
| 22:01 | Build | Farm |
| 22:02 | Build | Farm |
| 22:05 | Create | Villager (Male) ×3 |
| 22:18 | Build | Lumber Camp |
| 22:21 | Create | Villager (Male) ×3 |
| 22:21 | Create | Villager (Male) ×4 |
| 22:47 | Build | Town Center |
| 22:50 | Create | Villager (Male) ×5 |
| 22:50 | Create | Villager (Male) ×5 |
| 23:01 | Build | House |
| 23:03 | Create | Monk |
| 23:11 | Create | Villager (Male) ×4 |
| 23:21 | Build | Mill |
| 23:24 | Build | Farm |
| 23:25 | Build | Farm |
| 23:26 | Build | Farm |
| 23:27 | Build | Farm |
| 23:31 | Create | Villager (Male) ×3 |
| 23:44 | Build | Mill |
| 23:47 | Build | Farm |
| 23:47 | Build | Farm |
| 23:47 | Build | Farm |
| 23:48 | Build | Farm |
| 23:48 | Build | Farm |
Build order — ostiinn
First 150 of 206 actions detected
| 0:04 | Research | Loom |
| 0:05 | Create | Villager (Male) ×4 |
| 0:14 | Build | House |
| 0:16 | Build | House |
| 0:25 | Build | House |
| 0:27 | Build | House |
| 0:29 | Build | House |
| 1:57 | Create | Villager (Male) |
| 2:09 | Build | Lumber Camp |
| 2:23 | Create | Villager (Male) |
| 3:05 | Create | Villager (Male) |
| 4:10 | Create | Villager (Male) ×2 |
| 4:10 | Create | Villager (Male) ×2 |
| 4:48 | Create | Villager (Male) |
| 5:27 | Create | Villager (Male) ×2 |
| 6:08 | Create | Villager (Male) |
| 6:14 | Build | Mill |
| 6:24 | Create | Villager (Male) |
| 6:48 | Create | Villager (Male) |
| 7:24 | Create | Villager (Male) |
| 7:34 | Create | Villager (Male) |
| 7:50 | Create | Villager (Male) |
| 8:05 | Create | Villager (Male) |
| 8:33 | Build | Mining Camp |
| 8:43 | Build | Mill |
| 9:18 | Create | Villager (Male) |
| 9:18 | Create | Villager (Male) |
| 9:37 | Create | Villager (Male) ×3 |
| 10:00 | Create | Villager (Male) |
| 10:50 | Research | Feudal Age |
| 11:27 | Build | Barracks |
| 11:32 | Build | House |
| 11:37 | Build | House |
| 13:01 | Research | Wheelbarrow |
| 13:12 | Build | Market |
| 13:20 | Build | Blacksmith |
| 14:18 | Build | Mining Camp |
| 14:26 | Build | House |
| 14:27 | Build | House |
| 14:59 | Research | Castle Age |
| 15:16 | Create | Trade Cart |
| 15:42 | Create | Trade Cart |
| 15:51 | Research | Horse Collar |
| 15:55 | Research | Double-Bit Axe |
| 16:34 | Research | Gold Mining |
| 17:12 | Build | Farm |
| 17:13 | Build | Farm |
| 17:13 | Build | Farm |
| 17:13 | Build | Farm |
| 17:13 | Build | Farm |
| 17:17 | Build | Farm |
| 17:44 | Build | Town Center |
| 17:50 | Create | Militia |
| 17:51 | Research | Man-at-Arms (upgrade) |
| 17:52 | Create | Militia |
| 18:08 | Create | Villager (Male) |
| 18:37 | Create | Spearman |
| 18:56 | Create | Villager (Male) |
| 19:34 | Create | Militia |
| 19:47 | Create | Villager (Male) |
| 20:38 | Research | Long Swordsman (upgrade) |
| 20:49 | Create | Villager (Male) |
| 21:04 | Build | Castle |
| 21:16 | Build | Farm |
| 21:16 | Build | Farm |
| 21:17 | Build | Farm |
| 21:17 | Build | Farm |
| 21:57 | Research | Heavy Plow |
| 22:41 | Create | Villager (Male) ×3 |
| 22:41 | Create | Villager (Male) ×3 |
| 23:11 | Create | Villager (Male) ×2 |
| 23:11 | Create | Villager (Male) ×2 |
| 23:16 | Create | Villager (Male) |
| 23:16 | Create | Villager (Male) |
| 23:42 | Create | Villager (Male) |
| 23:56 | Build | Siege Workshop |
| 24:02 | Build | Mining Camp |
| 24:22 | Research | Scale Mail Armor |
| 24:27 | Create | Samurai |
| 24:28 | Create | Samurai |
| 24:28 | Create | Samurai |
| 24:44 | Build | Lumber Camp |
| 25:04 | Create | Mangonel |
| 25:19 | Build | Siege Workshop |
| 25:38 | Create | Villager (Male) ×4 |
| 25:38 | Create | Villager (Male) ×4 |
| 26:17 | Create | Mangonel |
| 26:31 | Create | Villager (Male) ×4 |
| 26:35 | Create | Trade Cart |
| 27:04 | Create | Mangonel |
| 27:17 | Research | Bow Saw |
| 27:32 | Create | Scorpion |
| 27:38 | Create | Villager (Male) ×2 |
| 27:38 | Create | Villager (Male) ×2 |
| 28:08 | Build | Farm |
| 28:08 | Build | Farm |
| 28:08 | Build | Farm |
| 29:41 | Build | Barracks |
| 29:43 | Build | Barracks |
| 29:44 | Build | Barracks |
| 29:57 | Create | Villager (Male) ×5 |
| 30:06 | Build | Mill |
| 30:07 | Build | Farm |
| 30:07 | Build | Farm |
| 30:07 | Build | Farm |
| 30:08 | Build | Farm |
| 30:08 | Build | Farm |
| 30:08 | Build | Farm |
| 30:11 | Build | Farm |
| 30:20 | Build | Farm |
| 30:27 | Build | Farm |
| 30:30 | Create | Villager (Male) ×5 |
| 30:55 | Build | Castle |
| 31:16 | Research | Imperial Age |
| 31:23 | Create | Scorpion ×2 |
| 32:01 | Create | Scorpion |
| 32:07 | Create | Villager (Male) ×5 |
| 32:27 | Create | Samurai ×4 |
| 32:48 | Build | University |
| 32:53 | Build | House |
| 32:54 | Build | House |
| 32:55 | Build | House |
| 32:57 | Build | House |
| 32:57 | Build | House |
| 32:58 | Build | House |
| 32:58 | Build | House |
| 33:05 | Research | Stone Mining |
| 33:37 | Create | Mangonel |
| 33:56 | Research | Squires |
| 33:57 | Research | Gambesons |
| 33:58 | Research | Pikeman (upgrade) |
| 34:28 | Create | Mangonel |
| 34:39 | Research | Murder Holes |
| 34:49 | Create | Samurai ×5 |
| 35:16 | Create | Trebuchet (Packed) |
| 35:57 | Research | Kataparuto |
| 36:00 | Create | Villager (Male) ×5 |
| 36:01 | Create | Villager (Male) ×5 |
| 36:12 | Build | Lumber Camp |
| 36:29 | Create | Samurai ×5 |
| 36:45 | Create | Villager (Male) ×5 |
| 36:52 | Build | Mining Camp |
| 37:09 | Create | Trebuchet (Packed) |
| 38:26 | Research | Halberdier (upgrade) |
| 38:35 | Build | Barracks |
| 38:37 | Build | Barracks |
| 38:38 | Build | Barracks |
| 39:01 | Research | Chemistry |
| 39:11 | Create | Spearman ×5 |
| 39:11 | Create | Spearman ×5 |
Build order — &hix
First 150 of 340 actions detected
| 0:01 | Create | Villager (Male) |
| 0:01 | Create | Villager (Male) |
| 0:01 | Create | Villager (Male) |
| 0:01 | Create | Villager (Male) |
| 0:03 | Build | House |
| 0:04 | Build | House |
| 1:50 | Build | Lumber Camp |
| 1:59 | Create | Villager (Male) |
| 1:59 | Create | Villager (Male) |
| 2:53 | Create | Villager (Male) |
| 2:53 | Create | Villager (Male) |
| 2:53 | Create | Villager (Male) |
| 3:53 | Create | Villager (Male) |
| 3:53 | Create | Villager (Male) |
| 4:30 | Build | House |
| 4:32 | Create | Villager (Male) |
| 4:32 | Create | Villager (Male) |
| 4:32 | Create | Villager (Male) |
| 4:32 | Create | Villager (Male) |
| 4:33 | Create | Villager (Male) |
| 4:56 | Create | Villager (Male) |
| 4:56 | Create | Villager (Male) |
| 4:57 | Create | Villager (Male) |
| 5:16 | Create | Villager (Male) |
| 5:16 | Create | Villager (Male) |
| 6:02 | Create | Villager (Male) |
| 6:03 | Create | Villager (Male) |
| 6:51 | Build | House |
| 6:54 | Build | Mill |
| 7:02 | Create | Villager (Male) |
| 7:03 | Create | Villager (Male) |
| 8:16 | Create | Villager (Male) |
| 8:18 | Research | Feudal Age |
| 9:02 | Create | Villager (Male) |
| 9:03 | Create | Villager (Male) |
| 9:27 | Build | House |
| 9:45 | Build | Mining Camp |
| 10:49 | Build | Farm |
| 10:51 | Build | Farm |
| 10:53 | Build | Farm |
| 10:54 | Build | Farm |
| 11:02 | Build | Farm |
| 11:42 | Age | Feudal Age |
| 11:56 | Build | Blacksmith |
| 12:31 | Build | Market |
| 13:21 | Research | Castle Age |
| 13:25 | Research | Double-Bit Axe |
| 13:31 | Build | Farm |
| 13:46 | Build | Mining Camp |
| 13:59 | Research | Loom |
| 13:59 | Create | Villager (Male) |
| 14:00 | Create | Villager (Male) |
| 14:10 | Research | Horse Collar |
| 14:12 | Create | Villager (Male) |
| 15:54 | Research | Stone Mining |
| 16:01 | Age | Castle Age |
| 16:07 | Build | Town Center |
| 16:16 | Research | Bow Saw |
| 17:09 | Create | Villager (Male) |
| 17:10 | Create | Villager (Male) |
| 17:13 | Create | Villager (Male) |
| 17:54 | Create | Villager (Male) |
| 17:55 | Create | Villager (Male) |
| 17:57 | Create | Villager (Male) |
| 17:57 | Create | Villager (Male) |
| 18:12 | Build | Town Center |
| 18:31 | Build | House |
| 18:35 | Build | House |
| 18:37 | Build | House |
| 18:38 | Build | House |
| 18:40 | Create | Villager (Male) |
| 18:41 | Create | Villager (Male) |
| 18:48 | Build | Farm |
| 18:54 | Build | Farm |
| 18:59 | Create | Villager (Male) |
| 19:01 | Create | Villager (Male) |
| 19:54 | Create | Trade Cart |
| 19:54 | Create | Trade Cart |
| 19:56 | Create | Villager (Male) |
| 19:58 | Create | Villager (Male) |
| 20:07 | Build | Farm |
| 20:10 | Create | Villager (Male) ×2 |
| 20:29 | Create | Villager (Male) |
| 20:33 | Build | Farm |
| 20:39 | Build | Farm |
| 20:43 | Build | Farm |
| 20:48 | Create | Villager (Male) |
| 20:49 | Create | Villager (Male) |
| 21:04 | Build | Farm |
| 21:06 | Create | Villager (Male) |
| 21:26 | Build | House |
| 21:38 | Build | Farm |
| 21:41 | Build | Farm |
| 22:08 | Build | Castle |
| 22:12 | Create | Villager (Male) |
| 22:12 | Create | Villager (Male) |
| 22:13 | Create | Villager (Male) |
| 22:13 | Create | Villager (Male) |
| 22:13 | Create | Villager (Male) |
| 22:21 | Build | House |
| 22:36 | Build | House |
| 22:38 | Build | House |
| 22:40 | Build | House |
| 22:41 | Build | House |
| 22:42 | Build | House |
| 22:45 | Build | Farm |
| 22:48 | Build | Farm |
| 22:49 | Create | Villager (Male) |
| 22:50 | Create | Villager (Male) |
| 22:50 | Create | Villager (Male) |
| 22:50 | Create | Villager (Male) |
| 22:50 | Create | Villager (Male) |
| 23:16 | Create | Villager (Male) |
| 23:17 | Create | Villager (Male) |
| 23:17 | Create | Villager (Male) |
| 23:18 | Create | Villager (Male) |
| 23:18 | Create | Villager (Male) |
| 23:30 | Build | Barracks |
| 23:34 | Build | Farm |
| 23:35 | Create | Villager (Male) |
| 23:36 | Create | Villager (Male) |
| 23:43 | Build | Farm |
| 23:46 | Build | Farm |
| 23:50 | Create | Villager (Male) |
| 23:50 | Create | Villager (Male) |
| 23:54 | Create | Villager (Male) |
| 24:11 | Build | Farm |
| 24:13 | Create | Villager (Male) |
| 24:29 | Build | Mining Camp |
| 24:41 | Create | Janissary ×2 |
| 24:44 | Build | Farm |
| 24:47 | Build | Farm |
| 24:50 | Build | Farm |
| 25:01 | Research | Squires |
| 25:02 | Create | Spearman ×2 |
| 25:06 | Build | Farm |
| 25:07 | Create | Villager (Male) |
| 25:07 | Create | Villager (Male) |
| 25:13 | Create | Villager (Male) |
| 25:13 | Create | Villager (Male) |
| 25:19 | Create | Villager (Male) |
| 25:24 | Build | House |
| 25:25 | Build | House |
| 25:28 | Create | Villager (Male) |
| 25:45 | Create | Janissary |
| 25:46 | Create | Janissary |
| 25:50 | Build | Farm |
| 25:54 | Research | Heavy Plow |
| 25:57 | Create | Villager (Male) |
| 26:04 | Build | Farm |
Build order — Debra
First 150 of 242 actions detected
| 0:03 | Create | Villager (Male) ×4 |
| 0:11 | Build | House |
| 0:12 | Build | House |
| 0:55 | Build | House |
| 0:56 | Build | House |
| 1:51 | Create | Villager (Male) |
| 2:20 | Create | Villager (Male) |
| 2:20 | Create | Villager (Male) |
| 2:50 | Create | Villager (Male) |
| 3:02 | Create | Villager (Male) |
| 3:50 | Create | Villager (Male) |
| 4:27 | Create | Villager (Male) ×2 |
| 5:10 | Build | Lumber Camp |
| 5:23 | Create | Villager (Male) |
| 5:31 | Create | Villager (Male) ×3 |
| 5:59 | Create | Villager (Male) |
| 6:49 | Build | Mill |
| 7:31 | Create | Villager (Male) |
| 7:32 | Create | Villager (Male) |
| 7:34 | Research | Loom |
| 8:14 | Build | Farm |
| 8:15 | Build | Farm |
| 8:17 | Build | Farm |
| 8:34 | Build | Mining Camp |
| 8:52 | Research | Feudal Age |
| 9:28 | Build | Mill |
| 9:36 | Build | Farm |
| 10:03 | Create | Villager (Male) ×3 |
| 11:02 | Age | Feudal Age |
| 11:09 | Research | Double-Bit Axe |
| 11:18 | Research | Wheelbarrow |
| 11:56 | Build | Market |
| 12:02 | Research | Horse Collar |
| 12:09 | Create | Villager (Male) |
| 12:15 | Build | Blacksmith |
| 12:55 | Create | Villager (Male) |
| 13:05 | Build | Farm |
| 13:07 | Build | Farm |
| 13:20 | Create | Villager (Male) ×2 |
| 13:36 | Build | Farm |
| 13:37 | Build | Farm |
| 13:59 | Research | Stone Mining |
| 14:19 | Create | Villager (Male) |
| 14:22 | Create | Villager (Male) |
| 14:22 | Create | Villager (Male) |
| 14:36 | Build | House |
| 14:39 | Build | House |
| 14:43 | Build | House |
| 14:50 | Build | Barracks |
| 14:57 | Create | Villager (Male) |
| 15:11 | Build | Farm |
| 15:21 | Build | Farm |
| 15:32 | Build | Farm |
| 16:25 | Build | Stone Wall |
| 16:30 | Build | Building 487 |
| 17:10 | Research | Castle Age |
| 17:23 | Build | Stable |
| 17:49 | Build | Mining Camp |
| 17:56 | Create | Militia |
| 18:07 | Create | Villager (Male) |
| 18:07 | Create | Villager (Male) |
| 18:54 | Research | Gold Mining |
| 19:02 | Create | Militia |
| 19:05 | Create | Militia |
| 19:22 | Build | Stone Wall |
| 19:34 | Research | Man-at-Arms (upgrade) |
| 19:44 | Research | Forging |
| 19:45 | Research | Scale Mail Armor |
| 19:50 | Age | Castle Age |
| 20:15 | Research | Long Swordsman (upgrade) |
| 20:16 | Create | Militia |
| 20:16 | Create | Militia |
| 20:36 | Build | Castle |
| 20:52 | Build | Town Center |
| 21:04 | Build | Town Center |
| 21:09 | Create | Villager (Male) ×5 |
| 21:43 | Build | Siege Workshop |
| 21:50 | Create | Militia |
| 21:51 | Create | Militia |
| 21:56 | Create | Knight |
| 22:16 | Build | Stone Wall |
| 22:27 | Research | Squires |
| 22:50 | Build | Stone Wall |
| 22:59 | Create | Villager (Male) ×4 |
| 23:22 | Create | Obuch ×2 |
| 23:25 | Create | Scorpion |
| 23:46 | Build | Stone Wall |
| 24:15 | Build | Stone Wall |
| 24:42 | Build | Stone Wall |
| 24:54 | Create | Scorpion |
| 24:56 | Create | Obuch ×5 |
| 25:07 | Build | Barracks |
| 25:09 | Build | Barracks |
| 25:18 | Build | Barracks |
| 25:42 | Create | Militia ×3 |
| 26:11 | Research | Hand Cart |
| 26:13 | Create | Villager (Male) ×3 |
| 27:17 | Build | Stone Wall |
| 27:43 | Create | Villager (Male) ×5 |
| 27:43 | Create | Villager (Male) ×5 |
| 27:53 | Build | Mill |
| 27:57 | Build | Farm |
| 27:58 | Build | Farm |
| 28:03 | Create | Villager (Male) ×2 |
| 28:03 | Create | Villager (Male) ×2 |
| 28:03 | Create | Villager (Male) ×2 |
| 29:08 | Build | Lumber Camp |
| 29:27 | Create | Villager (Male) ×5 |
| 29:29 | Create | Villager (Male) ×2 |
| 29:29 | Create | Villager (Male) ×2 |
| 29:37 | Build | Farm |
| 29:38 | Build | Farm |
| 29:40 | Build | Farm |
| 29:42 | Build | Farm |
| 29:53 | Build | Stone Wall |
| 29:57 | Build | Stone Wall |
| 30:07 | Create | Militia ×3 |
| 30:12 | Create | Scorpion ×5 |
| 30:23 | Create | Villager (Male) ×3 |
| 30:31 | Build | Farm |
| 31:32 | Build | Lumber Camp |
| 31:47 | Build | Stone Wall |
| 31:55 | Build | Lumber Camp |
| 32:01 | Build | House |
| 32:02 | Build | House |
| 32:04 | Build | House |
| 32:05 | Build | House |
| 32:06 | Build | House |
| 32:07 | Build | House |
| 32:09 | Build | House |
| 32:10 | Build | House |
| 32:12 | Build | House |
| 32:13 | Build | House |
| 32:14 | Build | House |
| 32:15 | Build | House |
| 32:16 | Build | House |
| 32:17 | Build | House |
| 32:18 | Build | House |
| 32:19 | Build | House |
| 32:20 | Build | House |
| 32:20 | Build | House |
| 32:27 | Create | Villager (Male) ×5 |
| 32:27 | Create | Villager (Male) ×5 |
| 32:28 | Create | Villager (Male) ×5 |
| 33:01 | Build | Town Center |
| 33:14 | Build | Stone Wall |
| 33:24 | Build | University |
| 33:57 | Build | Stone Wall |
| 34:10 | Build | Stone Wall |
| 34:16 | Build | Building 490 |
Build order — Sir Vivyn
First 150 of 298 actions detected
| 0:03 | Create | Villager (Male) |
| 0:05 | Build | House |
| 0:07 | Build | House |
| 0:34 | Create | Villager (Male) |
| 0:34 | Create | Villager (Male) |
| 0:34 | Create | Villager (Male) |
| 0:34 | Research | Loom |
| 0:36 | Create | Villager (Male) |
| 1:41 | Create | Villager (Male) |
| 1:56 | Create | Villager (Male) |
| 2:23 | Create | Villager (Male) |
| 2:23 | Create | Villager (Male) |
| 2:54 | Create | Villager (Male) |
| 3:21 | Create | Villager (Male) |
| 3:22 | Create | Villager (Male) |
| 3:36 | Build | House |
| 3:40 | Build | House |
| 4:10 | Create | Villager (Male) |
| 4:20 | Build | Mill |
| 4:23 | Create | Villager (Male) |
| 5:21 | Create | Villager (Male) |
| 5:22 | Research | Loom |
| 5:25 | Create | Villager (Male) |
| 5:26 | Create | Villager (Male) |
| 5:37 | Create | Villager (Male) |
| 5:57 | Build | Lumber Camp |
| 5:58 | Create | Villager (Male) |
| 5:58 | Create | Villager (Male) |
| 6:07 | Create | Villager (Male) |
| 6:54 | Create | Villager (Male) |
| 7:50 | Create | Villager (Male) |
| 8:21 | Research | Feudal Age |
| 8:34 | Research | Loom |
| 9:10 | Build | Mill |
| 10:37 | Research | Wheelbarrow |
| 10:43 | Research | Double-Bit Axe |
| 11:15 | Build | Market |
| 11:19 | Create | Villager (Male) |
| 11:36 | Build | Blacksmith |
| 11:43 | Research | Horse Collar |
| 11:44 | Create | Villager (Male) |
| 11:49 | Research | Loom |
| 12:10 | Build | House |
| 12:16 | Create | Villager (Male) |
| 12:24 | Create | Villager (Male) |
| 12:50 | Build | Farm |
| 13:08 | Build | Farm |
| 13:20 | Build | Farm |
| 13:23 | Create | Villager (Male) |
| 13:53 | Research | Castle Age |
| 13:56 | Build | Farm |
| 14:20 | Create | Villager (Male) |
| 14:32 | Build | Farm |
| 14:45 | Build | House |
| 15:14 | Research | Town Watch |
| 16:25 | Create | Villager (Male) |
| 16:30 | Research | Hand Cart |
| 17:24 | Create | Villager (Male) |
| 17:27 | Research | Bow Saw |
| 17:35 | Research | Heavy Plow |
| 17:37 | Create | Villager (Male) |
| 18:09 | Create | Villager (Male) |
| 18:09 | Create | Villager (Male) |
| 18:09 | Create | Villager (Male) |
| 18:10 | Create | Villager (Male) |
| 18:38 | Create | Villager (Male) |
| 19:35 | Build | Castle |
| 20:22 | Create | Villager (Male) |
| 20:26 | Research | Town Watch |
| 20:41 | Build | Town Center |
| 21:06 | Create | Villager (Male) |
| 21:11 | Create | War Elephant |
| 21:18 | Build | House |
| 21:28 | Build | House |
| 21:41 | Create | War Elephant |
| 21:48 | Build | Farm |
| 21:49 | Build | Farm |
| 21:57 | Build | Farm |
| 22:12 | Build | Castle |
| 22:39 | Create | Villager (Male) |
| 22:55 | Build | Siege Workshop |
| 23:24 | Create | Villager (Male) |
| 23:30 | Create | Villager (Male) |
| 23:40 | Create | Battering Ram |
| 24:03 | Create | Villager (Male) |
| 24:03 | Create | Villager (Male) |
| 24:03 | Create | Villager (Male) |
| 24:37 | Create | Villager (Male) |
| 24:40 | Create | Battering Ram |
| 25:00 | Build | Mill |
| 25:01 | Create | Villager (Male) |
| 25:05 | Create | Villager (Male) |
| 25:06 | Create | Villager (Male) |
| 25:23 | Build | Town Center |
| 25:59 | Create | Villager (Male) |
| 26:06 | Build | Farm |
| 26:15 | Create | Villager (Male) |
| 26:31 | Create | Villager (Male) |
| 26:40 | Build | Farm |
| 26:42 | Create | Villager (Male) |
| 26:43 | Create | Villager (Male) |
| 26:43 | Create | Villager (Male) |
| 26:44 | Create | Villager (Male) |
| 26:44 | Create | Villager (Male) |
| 26:51 | Build | Farm |
| 26:53 | Build | Farm |
| 27:13 | Create | Villager (Male) |
| 27:31 | Build | Farm |
| 27:33 | Build | Farm |
| 27:37 | Create | Villager (Male) |
| 27:37 | Create | Villager (Male) |
| 27:49 | Build | Barracks |
| 28:07 | Research | Kamandaran |
| 28:11 | Create | Villager (Male) |
| 28:31 | Create | Villager (Male) |
| 28:44 | Build | Archery Range |
| 28:49 | Build | Archery Range |
| 28:53 | Build | Archery Range |
| 28:59 | Build | Archery Range |
| 29:26 | Create | Villager (Male) |
| 29:41 | Create | Villager (Male) |
| 29:41 | Create | Villager (Male) |
| 29:42 | Create | Villager (Male) |
| 29:42 | Create | Villager (Male) |
| 29:42 | Create | Villager (Male) |
| 30:02 | Create | Villager (Male) |
| 30:11 | Research | Crossbowman (upgrade) |
| 30:12 | Create | Archer ×5 |
| 30:13 | Create | Archer ×5 |
| 30:13 | Create | Archer ×5 |
| 30:31 | Create | Villager (Male) |
| 30:31 | Create | Villager (Male) |
| 30:31 | Create | Villager (Male) |
| 30:33 | Create | Villager (Male) |
| 30:39 | Build | Farm |
| 30:39 | Build | Farm |
| 30:40 | Build | Farm |
| 30:40 | Build | Farm |
| 30:40 | Build | Farm |
| 30:41 | Build | Farm |
| 30:47 | Build | Farm |
| 30:47 | Build | Farm |
| 30:53 | Build | Farm |
| 30:54 | Build | Farm |
| 30:54 | Build | Farm |
| 30:54 | Build | Farm |
| 30:55 | Build | Farm |
| 31:02 | Create | Villager (Male) |
| 31:03 | Create | Villager (Male) |
| 31:07 | Create | Archer ×4 |
Build order — Woopsie
First 150 of 232 actions detected
| 0:02 | Create | Villager (Male) |
| 0:02 | Create | Villager (Male) ×4 |
| 0:07 | Build | House |
| 0:25 | Build | House |
| 0:26 | Build | House |
| 0:28 | Build | House |
| 2:13 | Create | Villager (Male) |
| 2:14 | Create | Villager (Male) |
| 2:14 | Create | Villager (Male) |
| 2:14 | Create | Villager (Male) |
| 3:09 | Create | Villager (Male) |
| 3:09 | Create | Villager (Male) |
| 3:18 | Create | Villager (Male) |
| 4:25 | Create | Villager (Male) |
| 5:08 | Create | Villager (Male) |
| 5:09 | Create | Villager (Male) |
| 5:42 | Build | Lumber Camp |
| 5:51 | Create | Villager (Male) |
| 6:16 | Create | Villager (Male) |
| 6:30 | Build | Mill |
| 8:25 | Create | Villager (Male) |
| 8:25 | Create | Villager (Male) |
| 8:29 | Research | Feudal Age |
| 9:08 | Build | House |
| 9:09 | Build | House |
| 9:09 | Build | House |
| 9:09 | Build | House |
| 9:49 | Create | Villager (Male) |
| 9:49 | Create | Villager (Male) |
| 10:35 | Build | Farm |
| 10:37 | Build | Farm |
| 10:39 | Build | Farm |
| 10:39 | Age | Feudal Age |
| 10:40 | Build | Farm |
| 10:42 | Build | Farm |
| 10:45 | Build | Farm |
| 11:00 | Create | Villager (Male) |
| 11:03 | Build | House |
| 11:11 | Research | Double-Bit Axe |
| 11:15 | Create | Villager (Male) |
| 11:27 | Create | Villager (Male) |
| 11:47 | Research | Horse Collar |
| 12:25 | Create | Villager (Male) |
| 12:44 | Build | Blacksmith |
| 12:47 | Create | Villager (Male) |
| 13:36 | Build | Market |
| 13:41 | Create | Villager (Male) |
| 14:00 | Create | Villager (Male) |
| 14:47 | Research | Castle Age |
| 14:57 | Build | Mining Camp |
| 15:54 | Build | Farm |
| 16:36 | Create | Villager (Male) |
| 16:36 | Create | Villager (Male) |
| 17:17 | Build | Barracks |
| 17:27 | Age | Castle Age |
| 17:39 | Build | Town Center |
| 17:46 | Build | Farm |
| 17:53 | Build | Town Center |
| 18:04 | Build | Farm |
| 18:07 | Research | Heavy Plow |
| 18:20 | Build | University |
| 19:32 | Create | Villager (Male) |
| 19:32 | Create | Villager (Male) |
| 19:33 | Create | Villager (Male) |
| 19:33 | Create | Villager (Male) |
| 19:33 | Create | Villager (Male) |
| 19:41 | Create | Villager (Male) |
| 19:41 | Create | Villager (Male) |
| 19:41 | Create | Villager (Male) |
| 19:42 | Create | Villager (Male) |
| 19:58 | Create | Villager (Male) ×5 |
| 19:58 | Create | Villager (Male) ×5 |
| 20:18 | Build | Mining Camp |
| 20:48 | Build | Town Center |
| 20:59 | Create | Villager (Male) |
| 21:02 | Research | Stone Mining |
| 21:16 | Build | Farm |
| 21:19 | Build | Farm |
| 21:31 | Create | Villager (Male) |
| 21:31 | Create | Villager (Male) |
| 21:34 | Research | Fortified Wall (upgrade) |
| 21:49 | Build | Siege Workshop |
| 21:54 | Create | Villager (Male) |
| 21:54 | Create | Villager (Male) |
| 22:05 | Build | Farm |
| 22:07 | Build | Farm |
| 23:24 | Build | Farm |
| 23:27 | Create | Villager (Male) ×5 |
| 23:28 | Create | Villager (Male) ×5 |
| 23:38 | Build | Farm |
| 23:46 | Build | Farm |
| 24:10 | Create | Villager (Male) ×3 |
| 24:31 | Build | Castle |
| 24:39 | Create | Battering Ram |
| 24:40 | Create | Battering Ram |
| 24:40 | Create | Battering Ram |
| 24:52 | Build | Farm |
| 24:54 | Build | Farm |
| 24:55 | Build | Farm |
| 24:57 | Build | Farm |
| 25:17 | Build | Stone Wall |
| 25:25 | Build | House |
| 25:26 | Build | House |
| 25:26 | Build | House |
| 25:27 | Build | House |
| 25:27 | Build | House |
| 25:27 | Build | House |
| 25:28 | Build | House |
| 25:29 | Build | House |
| 25:30 | Build | House |
| 25:30 | Build | House |
| 25:30 | Build | House |
| 25:31 | Build | House |
| 25:39 | Research | Murder Holes |
| 25:42 | Research | Fletching |
| 25:42 | Research | Padded Archer Armor |
| 25:54 | Research | Town Watch |
| 25:55 | Research | Loom |
| 26:02 | Research | Ballistics |
| 26:29 | Research | Wheelbarrow |
| 26:54 | Build | Archery Range |
| 27:01 | Build | Archery Range |
| 27:10 | Research | Gold Mining |
| 27:23 | Create | Villager (Male) ×5 |
| 27:27 | Create | Villager (Male) |
| 27:27 | Create | Villager (Male) |
| 27:40 | Build | Farm |
| 27:42 | Build | Farm |
| 27:59 | Create | Longbowman |
| 27:59 | Create | Longbowman |
| 28:00 | Create | Longbowman |
| 28:02 | Research | Leather Archer Armor |
| 28:03 | Research | Bodkin Arrow |
| 28:07 | Create | Scorpion |
| 28:07 | Create | Scorpion |
| 30:18 | Build | Castle |
| 30:25 | Build | Mining Camp |
| 30:44 | Research | Imperial Age |
| 31:02 | Create | Longbowman ×4 |
| 31:02 | Create | Longbowman ×4 |
| 31:11 | Research | Hand Cart |
| 31:14 | Create | Villager (Male) ×3 |
| 31:14 | Create | Villager (Male) ×3 |
| 31:39 | Build | Barracks |
| 31:41 | Build | Barracks |
| 31:43 | Build | Barracks |
| 31:54 | Create | Mangonel |
| 31:54 | Create | Battering Ram |
| 32:06 | Build | House |
| 32:07 | Build | House |
Build order — Ego.rolplayer
First 150 of 342 actions detected
| 0:03 | Create | Villager (Male) |
| 0:04 | Create | Villager (Male) |
| 0:04 | Create | Villager (Male) |
| 0:04 | Create | Villager (Male) |
| 0:04 | Create | Villager (Male) |
| 0:06 | Build | House |
| 0:08 | Build | House |
| 2:10 | Create | Villager (Male) |
| 2:10 | Create | Villager (Male) |
| 2:10 | Create | Villager (Male) |
| 2:51 | Create | Villager (Male) |
| 2:51 | Create | Villager (Male) |
| 3:29 | Create | Villager (Male) |
| 3:29 | Create | Villager (Male) |
| 3:30 | Create | Villager (Male) |
| 3:30 | Create | Villager (Male) |
| 4:09 | Build | House |
| 4:10 | Build | House |
| 4:12 | Build | House |
| 4:14 | Build | House |
| 4:41 | Build | Lumber Camp |
| 4:43 | Create | Villager (Male) |
| 4:43 | Create | Villager (Male) |
| 4:44 | Create | Villager (Male) |
| 6:51 | Create | Villager (Male) |
| 6:51 | Create | Villager (Male) |
| 6:51 | Create | Villager (Male) |
| 6:51 | Create | Villager (Male) |
| 6:52 | Create | Villager (Male) |
| 6:52 | Create | Villager (Male) |
| 6:52 | Create | Villager (Male) |
| 6:53 | Create | Villager (Male) |
| 7:04 | Create | Villager (Male) |
| 7:04 | Create | Villager (Male) |
| 7:05 | Create | Villager (Male) |
| 7:26 | Build | Mill |
| 7:28 | Research | Loom |
| 7:36 | Create | Villager (Male) |
| 8:05 | Research | Feudal Age |
| 8:05 | Research | Feudal Age |
| 8:51 | Create | Villager (Male) |
| 8:52 | Create | Villager (Male) |
| 8:52 | Create | Villager (Male) |
| 10:15 | Age | Feudal Age |
| 10:28 | Create | Villager (Male) |
| 10:28 | Create | Villager (Male) |
| 10:49 | Build | Market |
| 11:03 | Build | Mining Camp |
| 11:49 | Create | Villager (Male) |
| 12:09 | Build | Blacksmith |
| 12:18 | Create | Villager (Male) |
| 12:37 | Build | House |
| 12:38 | Build | House |
| 12:54 | Build | House |
| 12:59 | Create | Villager (Male) |
| 13:30 | Research | Castle Age |
| 13:30 | Research | Castle Age |
| 13:41 | Build | Mill |
| 14:35 | Research | Double-Bit Axe |
| 14:35 | Research | Double-Bit Axe |
| 15:17 | Create | Villager (Male) |
| 15:17 | Create | Villager (Male) |
| 15:17 | Create | Villager (Male) |
| 15:54 | Create | Villager (Male) |
| 16:10 | Age | Castle Age |
| 16:17 | Research | Bow Saw |
| 16:30 | Build | Monastery |
| 16:43 | Build | Town Center |
| 16:48 | Create | Villager (Male) |
| 16:48 | Create | Villager (Male) |
| 17:34 | Create | Villager (Male) |
| 17:34 | Create | Villager (Male) |
| 17:38 | Create | Villager (Male) |
| 17:49 | Create | Villager (Male) |
| 17:54 | Create | Missionary |
| 17:54 | Create | Missionary |
| 17:55 | Research | Fervor |
| 18:19 | Build | House |
| 18:25 | Build | Building 487 |
| 18:32 | Build | House |
| 18:35 | Build | House |
| 18:36 | Build | House |
| 18:38 | Build | House |
| 18:41 | Create | Villager (Male) |
| 18:41 | Create | Villager (Male) |
| 18:58 | Build | Mining Camp |
| 19:00 | Create | Villager (Male) |
| 19:08 | Build | Farm |
| 19:08 | Build | Farm |
| 19:08 | Build | Farm |
| 19:19 | Build | Farm |
| 19:55 | Create | Missionary |
| 20:31 | Create | Villager (Male) |
| 20:31 | Create | Villager (Male) |
| 20:34 | Create | Villager (Male) |
| 20:34 | Create | Villager (Male) |
| 20:34 | Create | Villager (Male) |
| 20:44 | Build | Town Center |
| 20:48 | Build | Farm |
| 20:48 | Build | Farm |
| 20:55 | Build | Farm |
| 20:56 | Build | Farm |
| 20:56 | Build | Farm |
| 20:56 | Build | Farm |
| 20:57 | Build | Farm |
| 21:05 | Create | Villager (Male) |
| 21:42 | Create | Missionary |
| 22:03 | Build | Barracks |
| 23:16 | Build | Stable |
| 23:17 | Create | Villager (Male) |
| 23:18 | Create | Villager (Male) |
| 23:18 | Create | Villager (Male) |
| 23:21 | Create | Villager (Male) |
| 23:22 | Create | Villager (Male) |
| 23:25 | Create | Villager (Male) |
| 23:26 | Create | Villager (Male) |
| 23:29 | Create | Villager (Male) |
| 23:32 | Build | Farm |
| 23:36 | Build | Farm |
| 23:37 | Build | Farm |
| 23:38 | Build | Farm |
| 23:38 | Build | Farm |
| 23:46 | Create | Missionary |
| 24:44 | Create | Villager (Male) |
| 24:44 | Create | Villager (Male) |
| 24:44 | Create | Villager (Male) |
| 24:48 | Create | Villager (Male) |
| 24:48 | Create | Villager (Male) |
| 24:49 | Create | Villager (Male) |
| 24:54 | Build | House |
| 24:55 | Build | House |
| 24:55 | Build | House |
| 24:55 | Build | House |
| 24:56 | Build | House |
| 24:57 | Build | House |
| 24:57 | Build | House |
| 24:57 | Build | House |
| 24:58 | Build | House |
| 24:58 | Build | House |
| 24:58 | Build | House |
| 25:06 | Build | Building 490 |
| 25:17 | Build | University |
| 25:40 | Build | Town Center |
| 25:49 | Create | Villager (Male) |
| 25:49 | Create | Villager (Male) |
| 25:58 | Research | Horse Collar |
| 26:03 | Research | Gold Mining |
| 26:07 | Research | Stone Mining |
| 27:01 | Build | Farm |
| 27:02 | Build | Farm |
Match timeline
| 10:15 | Ego.rolplayer · age_up feudal |
| 10:39 | Woopsie · age_up feudal |
| 10:52 | 普通NPC一枚 · age_up feudal |
| 11:02 | Debra · age_up feudal |
| 11:27 | ostiinn · first_building Barracks |
| 11:42 | &hix · age_up feudal |
| 13:07 | Mario Monti per l'Italia · first_building Barracks |
| 13:46 | Mario Monti per l'Italia · age_up feudal |
| 14:19 | Mario Monti per l'Italia · first_building Archery Range |
| 14:25 | 普通NPC一枚 · age_up castle |
| 14:43 | Woopsie · first_market_sell 100 wood |
| 14:50 | Debra · first_building Barracks |
| 14:57 | ostiinn · first_market_buy 100 food |
| 16:01 | &hix · age_up castle |
| 16:10 | Ego.rolplayer · age_up castle |
| 16:25 | Debra · wall_segment Stone Wall x13 |
| 16:30 | Ego.rolplayer · first_building Monastery |
| 17:17 | Woopsie · first_building Barracks |
| 17:23 | Debra · first_building Stable |
| 17:27 | Woopsie · age_up castle |
| 17:30 | Sir Vivyn · first_market_sell 100 food |
| 17:33 | Sir Vivyn · first_market_buy 100 wood |
| 18:01 | Mario Monti per l'Italia · age_up castle |
| 19:03 | Mario Monti per l'Italia · first_building Castle |
| 19:22 | Debra · wall_segment Stone Wall x7 |
| 19:35 | Sir Vivyn · first_building Castle |
| 19:50 | Debra · age_up castle |
| 20:36 | Debra · first_building Castle |
| 21:04 | ostiinn · first_building Castle |
| 21:26 | 普通NPC一枚 · first_building Monastery |
| 21:43 | Debra · first_building Siege Workshop |
| 21:49 | Woopsie · first_building Siege Workshop |
| 22:03 | Ego.rolplayer · first_building Barracks |
| 22:08 | &hix · first_building Castle |
| 22:16 | Debra · wall_segment Stone Wall x10 |
| 22:50 | Debra · wall_segment Stone Wall x5 |
| 22:55 | Sir Vivyn · first_building Siege Workshop |
| 23:06 | Mario Monti per l'Italia · first_building Siege Workshop |
| 23:16 | Ego.rolplayer · first_building Stable |
| 23:30 | &hix · first_building Barracks |
| 23:46 | Debra · wall_segment Stone Wall x13 |
| 23:56 | ostiinn · first_building Siege Workshop |
| 24:15 | Debra · wall_segment Stone Wall x6 |
| 24:31 | Woopsie · first_building Castle |
| 24:42 | Debra · wall_segment Stone Wall x1 |
| 25:17 | Woopsie · wall_segment Stone Wall x17 |
| 26:51 | 普通NPC一枚 · first_building Siege Workshop |
| 26:54 | Woopsie · first_building Archery Range |
| 27:17 | &hix · first_building Archery Range |
| 27:17 | Debra · wall_segment Stone Wall x5 |
| 27:25 | &hix · first_building Siege Workshop |
| 27:26 | 普通NPC一枚 · first_market_sell 100 food |
| 27:43 | 普通NPC一枚 · first_building Barracks |
| 27:49 | Sir Vivyn · first_building Barracks |
| 28:14 | Ego.rolplayer · first_market_buy 100 food |
| 28:44 | Sir Vivyn · first_building Archery Range |
| 28:47 | 普通NPC一枚 · first_building Stable |
| 29:53 | Debra · wall_segment Stone Wall x4 |
| 29:57 | Debra · wall_segment Stone Wall x1 |
| 30:06 | 普通NPC一枚 · first_market_buy 100 stone |
| 30:10 | Mario Monti per l'Italia · first_building Stable |
| 30:14 | 普通NPC一枚 · first_building Castle |
| 30:21 | 普通NPC一枚 · age_up imperial |
| 31:01 | Ego.rolplayer · first_building Castle |
| 31:38 | Ego.rolplayer · age_up imperial |
| 31:47 | Debra · wall_segment Stone Wall x3 |
| 33:14 | Debra · wall_segment Stone Wall x4 |
| 33:31 | Ego.rolplayer · first_building Siege Workshop |
| 33:53 | Woopsie · age_up imperial |
| 33:54 | Sir Vivyn · first_building Monastery |
| 33:57 | Debra · wall_segment Stone Wall x13 |
| 34:10 | Debra · wall_segment Stone Wall x6 |
| 34:41 | Debra · wall_segment Stone Wall x2 |
| 36:48 | Mario Monti per l'Italia · first_building Monastery |
| 37:01 | Sir Vivyn · tribute_sent a jugador 1 |
| 37:01 | Sir Vivyn · tribute_sent a jugador 2 |
| 37:01 | Sir Vivyn · tribute_sent a jugador 3 |
| 37:01 | Sir Vivyn · tribute_sent a jugador 4 |
| 37:01 | Sir Vivyn · tribute_sent a jugador 5 |
| 37:01 | Sir Vivyn · tribute_sent a jugador 7 |
| 37:01 | Sir Vivyn · tribute_sent a jugador 8 |
| 38:03 | Sir Vivyn · tribute_sent a jugador 1 |
| 38:03 | Sir Vivyn · tribute_sent a jugador 2 |
| 38:03 | Sir Vivyn · tribute_sent a jugador 3 |
| 38:03 | Sir Vivyn · tribute_sent a jugador 4 |
| 38:03 | Sir Vivyn · tribute_sent a jugador 5 |
| 38:03 | Sir Vivyn · tribute_sent a jugador 7 |
| 38:03 | Sir Vivyn · tribute_sent a jugador 8 |
| 39:45 | &hix · first_building Monastery |
| 40:49 | Debra · age_up imperial |
| 41:05 | Debra · first_market_sell 500 wood |
| 42:42 | Sir Vivyn · tribute_sent a jugador 1 |
| 42:42 | Sir Vivyn · tribute_sent a jugador 2 |
| 42:42 | Sir Vivyn · tribute_sent a jugador 3 |
| 42:42 | Sir Vivyn · tribute_sent a jugador 4 |
| 42:42 | Sir Vivyn · tribute_sent a jugador 5 |
| 42:42 | Sir Vivyn · tribute_sent a jugador 7 |
| 42:42 | Sir Vivyn · tribute_sent a jugador 8 |
| 44:19 | Mario Monti per l'Italia · age_up imperial |
| 47:27 | &hix · resign |
[ AI ANALYSIS · 1 CREDIT ]
What really happened in this match?
Wolo.gg analyzes every decision: build order, eco, micro, common mistakes by bracket. Personalized analysis on WhatsApp or Discord in 30 seconds.
Civ guide
Goths
Perfil
Mario Monti per l'Italia